 Dungeon Crawl Stone Soup version 0.22-a0-149-g870e420 (webtiles) character file.

588 KristoblXynda the Slasher (level 7, 0/57 HPs)
             Began as a Purple Draconian Monk on Feb 7, 2018.
             Was an Initiate of Gozag.
             Splashed by a jelly's acid (8 damage)
             ... on level 5 of the Dungeon.
             The game lasted 00:08:23 (5199 turns).

KristoblXynda the Slasher (Purple Draconian Monk)   Turns: 5199, Time: 00:08:24

Health: 0/57       AC: -2    Str: 14    XL:     7   Next: 15%
Magic:  7/7        EV: 14    Int: 12    God:    Gozag
Gold:   425        SH:  0    Dex: 13    Spells: 6/6 levels left

rFire    . . .     SeeInvis .   a - +0 falchion
rCold    . . .     Gourm    .   (no shield)
rNeg     . . .     Faith    .   (armour unavailable)
rPois    +         Spirit   .   (helmet restricted)
rElec    .         Reflect  .   (no cloak)
rCorr    .         Harm     .   (no gloves)
MR       +....                  (no boots)
Stlth    ++........             (no amulet)
HPRegen  0.19/turn              d - ring of poison resistance
MPRegen  0.10/turn              (no ring)

@: corroded
A: breathe power, unfitting armour, cold-blooded, AC +6
a: Breathe Dispelling Energy, Potion Petition, Call Merchant, Bribe Branch,
Renounce Religion


You were on level 5 of the Dungeon.
You worshipped Gozag.
Gozag was aware of your devotion.
You were not hungry.

You visited 2 branches of the dungeon, and saw 6 of its levels.

You collected 491 gold pieces.
You spent 66 gold pieces at shops.

Inventory:

Hand Weapons
 a - a +0 falchion (weapon)
Missiles
 i - 5 javelins (quivered)
Jewellery
 d - a ring of poison resistance (left hand)
Scrolls
 e - 2 scrolls of immolation
 f - a scroll of enchant armour
 h - 2 scrolls of teleportation
 k - a scroll of magic mapping
 l - 2 scrolls of identify
Potions
 c - a potion of flight
 g - a potion of mutation
 j - a potion of invisibility
 o - a potion of haste
Comestibles
 b - 6 rations


   Skills:
 - Level 3.2 Fighting
 * Level 7.0 Long Blades
 + Level 4.8 Dodging
 - Level 1.7 Stealth


You had 6 spell levels left.
You didn't know any spells.

Dungeon Overview and Level Annotations

Branches:
Dungeon (5/15)             Temple (1/1) D:4

Altars:
Ashenzari
Dithmenos
Elyvilon
Fedhas
Gozag
Hepliaklqana
Kikubaaqudgha
Makhleb
Nemelex Xobeh
Okawaru
Qazlal
Ru
Sif Muna
Trog
Vehumet
Wu Jian
Xom
Zin
The Shining One

Shops:
D:4 ?

Annotations:
D:4 2 transporters


Innate Abilities, Weirdness & Mutations

You can breathe bolts of dispelling energy.
Your rich purple scales are hard. (AC +6)
You cannot fit into any form of body armour.
You are cold-blooded and may be slowed by cold attacks.


Message History

You hit the jelly but do no damage.
Your hands burn!
The jelly is almost dead.
The jelly completely misses you.
You hit the jelly but do no damage.
Your hands burn!
The jelly is almost dead.
The jelly hits you. The acid corrodes you!
You are splashed with acid!
The acid burns!
A jelly is nearby!
You hit the jelly but do no damage.
Your hands burn!
The jelly is almost dead.
The jelly hits you.
You are splashed with acid!
The acid burns!
* * * LOW HITPOINT WARNING * * *
You hit the jelly but do no damage.
Your hands burn!
* * * LOW HITPOINT WARNING * * *
The jelly is almost dead.
The jelly hits you.
* * * LOW HITPOINT WARNING * * *
You are splashed with acid!
The acid burns!
You die...
Your body crumbles into a pile of gold.

## #..#
##.##.##
#...#.#
#.....##
##......##
#........#
#........#
##........#
#....J@./.#
#........##
#.........#
#........?.#
#........##..
#.....(...#
#..
#....$...##
#. #........#


You could see a jelly.

Vanquished Creatures
  2 scorpions (D:4)
  2 orc priests
  2 hounds
  Jessica (D:2)
  2 iguanas (D:4)
  An orc wizard (D:3)
  2 worker ants
  6 gnolls
  2 adders (D:3)
  A shadow imp (D:4)
  A worm (D:2)
  3 dart slugs
  3 leopard geckos
  17 orcs
  A ball python (D:3)
  6 giant cockroaches
  10 goblins
  14 hobgoblins
  4 jackals (D:1)
  7 kobolds
  2 quokkas (D:4)
  10 bats
  4 frilled lizards
  A giant cockroach zombie (D:5)
  8 rats
112 creatures vanquished.

Vanquished Creatures (others)
  The ghost of PeterMcNeter the Cudgeler, a novice GrFi (D:4)
1 creature vanquished.

Grand Total: 113 creatures vanquished

Notes
Turn   | Place    | Note
-------+----------+-------------------------------------------
     0 | D:1      | KristoblXynda the Draconian Monk began the quest for the Orb.
     0 | D:1      | Reached XP level 1. HP: 19/19 MP: 1/1
   357 | D:1      | Reached XP level 2. HP: 26/26 MP: 2/2
   982 | D:1      | Reached XP level 3. HP: 20/31 MP: 3/3
  1096 | D:1      | Reached skill level 4 in Long Blades
  1419 | D:2      | Reached XP level 4. HP: 33/38 MP: 4/4
  1725 | D:2      | Noticed Jessica
  1755 | D:2      | Killed Jessica
  2082 | D:2      | Reached skill level 5 in Long Blades
  2244 | D:2      | Found a deep blue altar of Sif Muna.
  2244 | D:2      | Found an ornate altar of the Wu Jian Council.
  2245 | D:2      | Found an opulent altar of Gozag.
  2254 | D:2      | Became a worshipper of Gozag Ym Sagoz the Greedy
  2452 | D:3      | Reached XP level 5. HP: 43/45 MP: 5/5
  2531 | D:3      | Found an iron altar of Okawaru.
  2602 | D:3      | Found a bloodstained altar of Trog.
  2664 | D:3      | Found a glowing silver altar of Zin.
  2849 | D:3      | Found a burning altar of Makhleb.
  3298 | D:4      | Killed PeterMcNeter's ghost
  3309 | D:4      | Found a transporter.
  3340 | D:4      | Reached XP level 6. HP: 32/51 MP: 6/6
  3456 | D:4      | Found a staircase to the Ecumenical Temple.
  3500 | Temple   | Entered the Ecumenical Temple
  3727 | D:4      | Reached skill level 6 in Long Blades
  4189 | D:4      | Found Demept's Magic Scroll Boutique.
  4295 | D:4      | Bought a scroll of magic mapping for 42 gold pieces
  4296 | D:4      | Bought a scroll of identify for 24 gold pieces
  4447 | D:4      | Found a glowing golden altar of the Shining One.
  4512 | D:4      | Found a transporter.
  4514 | D:4      | Noticed a fire bat
  4516 | D:4      | Noticed a fire bat
  4555 | D:4      | Found a shadowy altar of Dithmenos.
  4555 | D:4      | Found a white marble altar of Elyvilon.
  4574 | D:4      | Your scales start taking on a rich purple colour.
  4574 | D:4      | Reached XP level 7. HP: 21/57 MP: 7/7
  5101 | D:5      | Entered Level 5 of the Dungeon
  5155 | D:5      | Reached skill level 7 in Long Blades
  5199 | D:5      | Splashed by a jelly's acid

Vault maps used:
D:1:      dpeg_arrival_arbitrary_a
D:2:      gammafunk_temple_overflow_claw, uniq_jessica
D:3:      old_standard_altar, okawaru_gym_becter,
          nicolae_overflow_crystal_walls, bloody_makhleb
D:4:      gammafunk_cloud_chamber, nicolae_tso_carved_into_rock,
          amethyst_overflow_temple_binary, minmay_temple_entry_hall,
          first_ration, serial_shops, nicolae_shop_trees,
          kennysheep_opposing_triangles
D:5:      yredelemnul_forgotten_temple_becter, serial_shops, shop
Temple:   nicolae_temple_figure_zero

Skill      XL: |  1  2  3  4  5  6  7 |
---------------+----------------------+-----
Dodging        | 3 4 |  4.8
Long Blades    | 4 5 6 7 |  7.0
Fighting       | |  3.2
Stealth        | |  1.7

Action                   |  1- 3 |  4- 6 |  7- 9 || total
-------------------------+-------+-------+-------++-------
Melee: Falchion          |    90 |   287 |    55 ||   432
       Tailslap          |    12 |    35 |     6 ||    53
 Abil: Breathe Dispellin |       |       |     1 ||     1
  Use: Scroll            |       |     9 |       ||     9
       Potion            |       |     5 |       ||     5
 Stab: Sleeping          |     2 |     5 |       ||     7
       Distracted        |       |     1 |       ||     1
  Eat: Chunk             |     2 |     2 |       ||     4
       Ration            |       |     3 |       ||     3
Armor: Skin              |    28 |    69 |    12 ||   109
Dodge: Dodged            |    84 |   184 |    26 ||   294
       Rpst.: Falchion   |    26 |    48 |     7 ||    81

Table legend:
 A = Spawn XP
 B = Non-spawn XP
 C = Spawn XP percentage of total XP
 D = Spawn monster count
 E = Non-spawn monster count
 F = Spawn count percentage of total count
 G = Total turns spent on level
                    A         B        C        D         E        F      G
               +---------+---------+-------+---------+---------+-------+---------
         Total |       0 |     841 |   0.0 |       0 |     112 |   0.0 |  5199
               +---------+---------+-------+---------+---------+-------+---------
           D:1 |       0 |      54 |   0.0 |       0 |      29 |   0.0 |  1207
           D:2 |       0 |     136 |   0.0 |       0 |      29 |   0.0 |  1196
           D:3 |       0 |     150 |   0.0 |       0 |      28 |   0.0 |   887
           D:4 |       0 |     411 |   0.0 |       0 |      18 |   0.0 |  1693
           D:5 |       0 |      90 |   0.0 |       0 |       8 |   0.0 |    98
               +---------+---------+-------+---------+---------+-------+---------
